 Dungeon Crawl Stone Soup version 0.27.1-37-g7b29ead8ac (webtiles) character file.

Game seed: 7110548042233310729

82 cbfl8 the Chopper (level 4, 0/38 HPs)
             Began as a Minotaur Gladiator on June 2, 2023.
             Succumbed to Sigmund's poison
             ... on level 3 of the Dungeon.
             The game lasted 00:02:04 (2003 turns).

cbfl8 the Chopper (Minotaur Gladiator)              Turns: 2003, Time: 00:02:05

Health: 0/38       AC:  6    Str: 19    XL:     4   Next: 21%
Magic:  3/3        EV: 12    Int:  5    God:
Gold:   320        SH:  0    Dex: 12    Spells: 3/3 levels left

rFire    x . .     SeeInvis .   a - +0 war axe
rCold    + . .     Faith    .   (no shield)
rNeg     . . .     Spirit   .   k - +0 ring mail
rPois    .         Reflect  .   c - +1 hat
rElec    .         Harm     .   (no cloak)
rCorr    .         Rampage  .   (no gloves)
Will     .....                  (no boots)
Stlth    +.........             (no amulet)
HPRegen  0.12/turn              f - ring of ice
MPRegen  0.08/turn              (no ring)

@: lethally poisoned (0 -> -15)
A: horns 2, retaliatory headbutt
a: no special abilities


You were on level 3 of the Dungeon.
You visited 1 branch of the dungeon, and saw 4 of its levels.

You collected 320 gold pieces.

Inventory:

Hand Weapons
 a - a +0 war axe (weapon)
Missiles
 d - 3 throwing nets (quivered)
Armour
 c - a +1 hat (worn)
 k - a +0 ring mail (worn)
Jewellery
 f - a ring of ice (left hand)
Scrolls
 g - a scroll of immolation
 h - a scroll of blinking
 n - a scroll of vulnerability {unknown}
Potions
 e - a potion of attraction {unknown}
 i - a potion of mutation
 j - a potion of flight {unknown}
 l - a potion of ambrosia {unknown}
 m - 2 potions of degeneration {unknown}


   Skills:
 + Level 3.0 Fighting
 + Level 4.8 Axes
 + Level 2.2 Throwing
 + Level 1.1 Armour
 + Level 4.0 Dodging
 + Level 0.1 Stealth


You had 3 spell levels left.
You didn't know any spells.
Your spell library contained the following spells:

 Spells                   Type           Power      Damage    Failure   Level
 Animate Skeleton         Necr           0%         N/A       67%         1
 Beastly Appendage        Tmut           0%         N/A       67%         1
 Pain                     Necr           0%         1d4       67%         1
 Shock                    Conj/Air       0%         1d3       67%         1
 Wereblood                Tmut           0%         N/A       80%         2
 Spider Form              Tmut/Pois      0%         N/A       95%         3
 Swiftness                Air            0%         N/A       95%         3
 Vampiric Draining        Necr           0%         2d6       95%         3
 Airstrike                Air            0%         N/A       100%        4


Dungeon Overview and Level Annotations

Branches:
Dungeon (4/15)
 Temple: D:4-7

Altars:

Annotations:
D:3 Sigmund


Innate Abilities, Weirdness & Mutations

You have a pair of horns on your head.
You reflexively headbutt those who attack you in melee.


Message History

Something barely misses you.
You feel better. The phantom completely misses you. You furiously retaliate!
You headbutt the phantom. Something hits you.
You are poisoned.
You feel better.
The phantom hits you but does no damage.
You miss the phantom.
The phantom is moderately damaged.
You hit something but do no damage.
The phantom hits you but does no damage.
Something hits you!
You are poisoned.
The phantom misses you.
You hit the phantom but do no damage. You headbutt the phantom!
The phantom is severely damaged.
You closely miss something.
You feel very sick. Something hits you!
You are more poisoned.
The phantom closely misses you. You furiously retaliate!
You headbutt the phantom!
Unknown command.
You barely miss the phantom. Your headbutt misses the phantom.
The phantom is almost destroyed.
You barely miss something.
You feel very sick. The phantom barely misses you.
Something hits you but does no damage.
You are lethally poisoned!
You hit the phantom but do no damage.
The phantom is almost destroyed.
You barely miss something.
* * * LOW HITPOINT WARNING * * *
You feel very sick. The phantom hits you.
* * * LOW HITPOINT WARNING * * *
Something barely misses you.
You closely miss the phantom. Your headbutt misses the phantom.
The phantom is almost destroyed.
You hit something but do no damage.
You die...

############### #####
#.............#### ..#.#
#.######.........# #.#.#####
#.# #.........# #.#.....#.
#.# #.........# #.#.#.# ..
#.######....@....###..{..#.#.
#......#...W.{...'...........
#......#.........###...##..#.
#......########..# #.### ?.#
#.#.......######†#...# .##
##.........+...##.#.### ..
#..........###.##.#. ##
#.#.<..........##.##
#.#................##


You could see a phantom.

Vanquished Creatures
  A gnoll (D:1)
  2 adders
  A worm (D:3)
  3 dart slugs
  2 ball pythons (D:1)
  3 giant cockroaches
  6 goblins
  3 hobgoblins
  3 quokkas
  9 bats
  A frilled lizard (D:2)
  6 kobolds
  5 rats
45 creatures vanquished.

Vanquished Creatures (others)
  4 toadstools (D:2)
4 creatures vanquished.

Grand Total: 49 creatures vanquished

Notes
Turn   | Place    | Note
-------+----------+-------------------------------------------
     0 | D:1      | cbfl8 the Minotaur Gladiator began the quest for the Orb.
     0 | D:1      | Reached XP level 1. HP: 18/18 MP: 0/0
    84 | D:1      | Reached XP level 2. HP: 25/25 MP: 1/1
   200 | D:1      | Found a faded altar of an unknown god.
   485 | D:1      | Reached XP level 3. HP: 29/30 MP: 2/2
  1500 | D:2      | Reached skill level 1 in Armour
  1789 | D:3      | Reached XP level 4. HP: 38/38 MP: 3/3
  1925 | D:3      | Noticed Sigmund
  1964 | D:4      | Noticed a phantom
  2003 | D:3      | Succumbed to Sigmund's poison

Illustrated notes

Levels and vault maps discovered:
D:1:      dpeg_arrival_rooms_with_view, layout_basic,
          chequers_ecumenical_altar_simple, amcnicky_mini_corridor_feature
D:2:      layout_basic, minmay_gold_behind_fungi
D:3:      layout_basic, chequers_jeans, uniq_sigmund, uniq_robin
D:4:      layout_basic, lemuel_coloured_pillars_altar, minmay_misc_feat_roman

Skill      XL: |  1  2  3 |
---------------+----------+-----
Axes           | 4 |  4.8
Dodging        | 4 |  4.0
Fighting       | 3 |  3.0
Armour         | 1 |  1.1
Throwing       | |  2.2
Stealth        | |  0.1

Action                   |  1- 3 |  4- 6 || total
-------------------------+-------+-------++-------
Melee: War axe           |    66 |    19 ||    85
       Headbutt          |     4 |     2 ||     6
  Use: Scroll            |     4 |     2 ||     6
       Potion            |       |     3 ||     3
Armor: Leather armour    |    26 |       ||    26
       Ring mail         |     7 |    13 ||    20
Dodge: Dodged            |    47 |    28 ||    75
